Map: Echo LE (Void)

Players

Javert - Winner!

  • Race: Zerg Zerg
  • League: Grandmaster

IIIIIIIIIIII

  • Race: Protoss Protoss
  • League: Grandmaster

VOD

Have the link to the VOD?

Description

Time

  • Played on: June 26, 2015, 11:03 p.m.
  • Length: 3:29
Show
View Real Time Build Order
Export as new Build Order

Javert Zerg - Winner!

Build Orders: Hatch First 

Get SALT Encoding   

  12  0:01  Drone  
  13  0:18  Overlord  
  13  0:21  Drone  
  14  0:37  Drone x2  
  16  0:50  Hatchery  
  16  0:53  Drone  
  16  0:55  Extractor  
  15  1:01  Drone  
  15  1:04  Drone  
  17  1:19  Spawning Pool  
  17  1:20  Drone  
  17  1:25  Drone  
  18  1:35  Overlord  
  18  1:45  Drone  
  19  2:05  Metabolic Boost  
  19  2:06  Queen  
  19  2:07  Queen  
  23  2:11  Zergling x4  
  23  2:13  Zergling x2  
  26  2:17  Zergling x2  
  26  2:20  Zergling x2  
  28  2:31  Zergling x4  
  30  2:42  Zergling x4  
  32  3:06  Drone x2  
  32  3:07  Drone x2  
Show
View Real Time Build Order
Export as new Build Order

IIIIIIIIIIII Protoss 

Build Orders: Nexus First 

Get SALT Encoding   

  12  0:01  Probe  
  13  0:17  Probe  
  13  0:18  Pylon  
  14  0:36  Probe (Chrono Boost)  
  15  0:46  Probe (Chrono Boost)  
  16  0:53  Probe  
  17  1:04  Nexus  
  17  1:06  Probe (Chrono Boost)  
  18  1:16  Probe (Chrono Boost)  
  19  1:23  Probe  
  20  1:27  Gateway  
  20  1:34  Pylon  
  20  1:35  Probe (Chrono Boost)  
  20  1:39  Assimilator  
  21  1:42  Assimilator  
  22  1:47  Probe (Chrono Boost)  
  22  1:56  Probe (Chrono Boost)  
  23  2:04  Probe  
  23  2:07  Pylon  
  24  2:15  Cybernetics Core  
  24  2:16  Probe (Chrono Boost)  
  24  2:21  Probe (Chrono Boost)  
  26  2:26  Forge  
  26  2:27  Probe (Chrono Boost)  
  28  2:31  Probe (Chrono Boost)  
  28  2:33  Probe  
  29  2:41  Probe  
  29  2:43  Gateway  
  30  2:48  Pylon  
  30  2:52  Adept  
  30  2:56  Probe (Chrono Boost)  
  30  2:58  Probe (Chrono Boost)  
  35  3:07  Probe (Chrono Boost)  
  35  3:08  Probe (Chrono Boost)  
Tags
 
Add a new tag
Caveats
  • Supply blocks, unpowered buildings, or Contaminate may cause inaccurate times.
  • Supply counts are checked every 10 seconds.